 Dungeon Crawl Stone Soup version 0.18-a0-990-g74cdb39 (webtiles) character file.

13669 st0uf the Carver (level 12, -5/94 HPs)
             Began as a Formicid Fighter on Jan 3, 2016.
             Was an Elder of Trog.
             Slain by an orc warlord
             ... wielding a +0 great sword
              (26 damage)
             ... on level 12 of the Dungeon on Jan 4, 2016.
             The game lasted 01:29:16 (13898 turns).

st0uf the Carver (Formicid Fighter)                Turns: 13898, Time: 01:29:16

Health: -5/94      AC: 10    Str: 22    XL:     12   Next: 35%
Magic:  0/12       EV: 15    Int:  8    God:    Trog [****..]
Gold:   260        SH: 13    Dex: 19    Spells: 0 memorised, 11 levels left

rFire  . . .     SeeInvis +     W - +1 scimitar (slice)
rCold  . . .     Gourm    .     b - +0 scale mail
rNeg   . . .     Faith    .     c - +0 shield
rPois  .         Spirit   +     (helmet unavailable)
rElec  .         Dismiss  .     Y - +1 cloak
rCorr  .         Reflect  .     (no gloves)
SustAt +         Harm     .     (no boots)
MR     +....                    w - amulet of guardian spirit
Stlth  ..........               i - ring of sustain attributes
                                g - +5 ring of dexterity

@: somewhat resistant to hostile enchantments, extremely unstealthy
A: permanent stasis, dig shafts and tunnels, four strong arms, antennae 3
a: Dig, Shaft Self, Trog's Hand, Brothers in Arms, Burn Spellbooks, Renounce
Religion


You were on level 12 of the Dungeon.
You worshipped Trog.
Trog was greatly pleased with you.
You were not hungry.

You visited 2 branches of the dungeon, and saw 13 of its levels.

You collected 732 gold pieces.
You spent 472 gold pieces at shops.

Inventory:

Hand Weapons
 a - a +0 long sword
 p - a +0 hunting sling
 r - a +2 falchion of holy wrath
 W - a +1 scimitar of slicing (weapon)
Missiles
 q - 185 stones (quivered)
 t - 66 sling bullets
Armour
 b - a +0 scale mail (worn)
 c - a +0 shield (worn)
 Y - a +1 cloak (worn)
Jewellery
 g - a +5 ring of dexterity (left hand)
 i - a ring of sustain attributes (right hand)
 o - an uncursed amulet of resist corrosion
 w - an amulet of guardian spirit (around neck)
 N - an uncursed ring of protection from fire
 P - the ring of the Philosopher {rF+ MP+9 Stlth+}
   (You bought it in a shop on level 8 of the Dungeon)

   [ring of stealth]

   It protects you from fire.
   It affects your magic capacity (+9).
   It makes you more stealthy.
Wands
 F - a wand of flame (28/48)
 J - a wand of frost (16/48)
 L - a wand of teleportation (9/9)
 O - a wand of enslavement (8/24)
 T - a wand of draining (6/15)
Scrolls
 j - 6 scrolls of remove curse
 k - 7 scrolls of amnesia {unknown}
 m - 3 scrolls of immolation {unknown}
 u - 3 scrolls of enchant weapon {unknown}
 z - 7 scrolls of noise {unknown}
 B - 2 scrolls of random uselessness {unknown}
 D - 2 scrolls of enchant armour {unknown}
 E - 3 scrolls of silence {unknown}
 Q - a scroll of identify
Potions
 e - 6 potions of curing
 l - 2 potions of brilliance
 s - 3 potions of heal wounds
 v - 2 potions of flight
 x - a potion of magic
 C - a potion of cure mutation
 G - a potion of agility
 M - a potion of invisibility
 R - a potion of resistance {unknown}
 X - a potion of mutation
 Z - a potion of might
Books
 K - a book of Envenomations

   Spells                             Type                      Level
   a - Spider Form                    Transmutation/Poison         3
   b - Alistair's Intoxication        Transmutation/Poison         4
   c - Olgreb's Toxic Radiance        Poison                       4
   d - Poisonous Cloud                Conjuration/Poison/Air       6
   Trog disapproves of the use of such an item.
Miscellaneous
 S - an ornate deck of wonders
 V - a lantern of shadows
Comestibles
 f - 11 bread rations
 h - 4 chunks of flesh
 n - 4 meat rations
 A - a royal jelly
 H - 5 beef jerkies
 I - 7 slices of pizza
 U - 16 fruits


   Skills:
 + Level 8.3 Fighting
 * Level 11.8 Long Blades
 + Level 4.9 Slings
 + Level 8.4 Armour
 + Level 6.4 Dodging
 + Level 10.0 Shields


You had 11 spell levels left.
You didn't know any spells.

Dungeon Overview and Level Annotations

Branches:
Dungeon (12/15)            Temple (1/1) D:6            Lair (0/8) D:8
    Orc (0/2) D:12

Altars:
Ashenzari
Cheibriados
Dithmenos
Elyvilon
Fedhas
Gozag
Kikubaaqudgha
Makhleb
Nemelex Xobeh
Okawaru
Pakellas
Qazlal
Ru
Sif Muna
Trog
Vehumet
Xom
Yredelemnul
Zin
The Shining One
Lugonu

Shops:
D:8 =   D:12 :

Annotations:
D:6 exclusion: door


Innate Abilities, Weirdness & Mutations

You are under a permanent stasis effect.
You can dig through walls and to a lower floor.
Your four strong arms can wield two-handed weapons with a shield.
You have a pair of large antennae on your head (SInv).


Message History

The orc priest mumbles some strange prayers to Beogh against you.
Something smites you!
The orc warlord is engulfed in roaring flames.
The orc warlord hits you with a great sword!!
You hit the orc warlord but do no damage.
The orc warlord is almost dead.
You barely miss the orc warlord.
The orc warlord is almost dead.
The orc priest miscasts a cantrip.
The orc warlord is engulfed in roaring flames.
You block the orc warlord's attack.
You closely miss the orc priest.
The orc priest calls down the wrath of Beogh upon you.
Something smites you!
* * * LOW HITPOINT WARNING * * *
You hit the orc warlord but do no damage.
The orc warlord is almost dead.
The orc warlord is engulfed in roaring flames.
The orc warlord hits you with a great sword!!
You die...

.##...>..†......## #........#
#.#####..##)#..### #.#......#
#..##...#..##.#..# #.#......#
.)##.##..#.#.##.## #........#
#)......#.....#.####........#
.##......##.##..##..####....#
####..##.##.#.#.###.#..#....#
.#.....#..#....)#o#.#..#....#
..#.#...##....#.@#{.'..#....#
#.....#..#..#.#o##[.#..#....#
#########.####.###..#..#.##.#
##############.###..#..#(##.#
...............#.)#o#..#....#
...............#..#.#..#....#
###...##.......#....#..#..#.#
###...##.......#h......(..#.#
.##......÷.)...#..#.#..#..#.#


You could see an orc warlord and an orc priest (frenzied).

Vanquished Creatures
  2 cyclopes
  The ghost of M4edhros the Covert, a novice OpAr (D:7)
  A centaur zombie (D:11)
  Maurice (D:11)
  A gargoyle (D:12)
  A centaur skeleton (D:11)
  A kobold demonologist (D:11)
  Grinder (D:5)
  Prince Ribbit (D:8)
  A trapdoor spider zombie (D:11)
  6 slime creatures (D:12)
  The ghost of nublet the Grave Robber, an amateur DsNe (D:4)
  9 yaks
  2 wyverns
  A human (D:7)
  2 hungry ghosts
  A hippogriff (D:12)
  A steam dragon (D:11)
  5 wargs (D:12)
  A water moccasin (D:6)
  Duvessa (D:5)
  6 orc warriors
  An ice beast (D:8)
  2 sky beasts
  4 phantoms
  A necrophage (D:9)
  8 ogres
  8 centaurs
  A crocodile (D:8)
  A big kobold (D:8)
  9 giant frogs
  An elf zombie (D:9)
  A wyvern zombie (D:10)
  Dowan (D:5)
  A wyvern skeleton (D:6)
  A scorpion (D:8)
  4 jellies
  9 killer bees
  11 wights
  6 crimson imps
  A giant frog zombie (D:7)
  4 human zombies (D:9)
  4 orc priests
  2 giant frog skeletons (D:7)
  4 hounds
  11 orc wizards
  2 iguanas
  A human skeleton (D:9)
  6 worker ants
  3 sheep (D:7)
  A hound zombie (D:7)
  2 hound skeletons
  2 mummies (D:9)
  A worker ant zombie (D:5)
  23 adders
  3 shadow imps
  An ooze (D:6)
  An adder skeleton (D:8)
  A worm (D:2)
  4 giant geckos
  50 orcs
  7 bats
  4 giant cockroaches
  4 goblins
  12 hobgoblins
  17 jackals
  4 quokkas
  6 giant newts
  12 kobolds
  2 orc zombies (D:9)
  A quokka skeleton (D:8)
  5 rats (D:1)
318 creatures vanquished.

Notes
Turn   | Place    | Note
--------------------------------------------------------------
     0 | D:1      | st0uf the Formicid Fighter began the quest for the Orb.
     0 | D:1      | Reached XP level 1. HP: 18/18 MP: 1/1
   143 | D:1      | Reached XP level 2. HP: 24/24 MP: 2/2
   545 | D:1      | Reached skill level 4 in Shields
   645 | D:1      | Reached XP level 3. HP: 27/29 MP: 3/3
  1197 | D:2      | Reached XP level 4. HP: 36/36 MP: 4/4
  1329 | D:2      | Reached skill level 1 in Dodging
  1344 | D:2      | Reached XP level 5. HP: 31/42 MP: 5/5
  2161 | D:3      | Found a glowing silver altar of Zin.
  2161 | D:3      | Found a shattered altar of Ashenzari.
  2164 | D:3      | Reached skill level 1 in Slings
  2171 | D:3      | Found a snail-covered altar of Cheibriados.
  2584 | D:3      | Found a glowing golden altar of the Shining One.
  2682 | D:4      | Reached XP level 6. HP: 48/48 MP: 6/6
  2699 | D:4      | Found a sacrificial altar of Ru.
  3218 | D:4      | Noticed nublet's ghost (amateur DsNe)
  3273 | D:5      | Entered Level 5 of the Dungeon
  3301 | D:4      | Killed nublet's ghost
  3301 | D:4      | Reached skill level 5 in Shields
  3301 | D:4      | Reached XP level 7. HP: 23/55 MP: 3/7
  3625 | D:4      | Found a shimmering altar of Xom.
  3828 | D:4      | Found a burning altar of Makhleb.
  3828 | D:4      | Noticed a cacodemon
  4201 | D:5      | Noticed a yak
  4202 | D:5      | Noticed a yak
  4281 | D:5      | Noticed Duvessa
  4283 | D:5      | Noticed Dowan
  4285 | D:5      | Noticed Grinder
  4294 | D:5      | Reached XP level 8. HP: 46/61 MP: 6/8
  4537 | D:5      | Noticed a yak
  4570 | D:5      | Killed Grinder
  4570 | D:5      | Reached skill level 5 in Long Blades
  4570 | D:5      | Reached skill level 5 in Armour
  4679 | D:6      | Reached skill level 5 in Fighting
  4912 | D:6      | Found a staircase to the Ecumenical Temple.
  4918 | Temple   | Entered the Ecumenical Temple
  5347 | D:6      | Reached skill level 6 in Long Blades
  5347 | D:6      | Reached XP level 9. HP: 58/68 MP: 9/9
  5595 | D:6      | Found a sparkling altar of Nemelex Xobeh.
  6532 | D:7      | Noticed M4edhros's ghost (novice OpAr)
  6566 | D:7      | Killed M4edhros's ghost
  6566 | D:7      | Reached skill level 7 in Long Blades
  6608 | D:7      | Reached XP level 10. HP: 25/76 MP: 5/10
  7002 | D:7      | Found a shadowy altar of Dithmenos.
  7708 | D:7      | Reached skill level 5 in Dodging
  7718 | D:7      | Reached skill level 8 in Long Blades
  8492 | D:5      | Killed Duvessa
  8498 | D:5      | Killed Dowan
  9133 | D:6      | Found a bloodstained altar of Trog.
  9154 | D:6      | Became a worshipper of Trog the Wrathful
  9205 | D:8      | Found a staircase to the Lair.
  9343 | D:8      | Reached skill level 9 in Long Blades
  9649 | D:8      | Found an iron altar of Okawaru.
  9712 | D:8      | Noticed Prince Ribbit
  9753 | D:8      | Killed Prince Ribbit
  9849 | D:8      | Found a white marble altar of Elyvilon.
 10007 | D:8      | Reached XP level 11. HP: 83/83 MP: 11/11
 10075 | D:8      | Found a basalt altar of Yredelemnul.
 10090 | D:8      | Found Usoapn's Jewellery Shop.
 10097 | D:8      | Bought the ring of the Philosopher {rF+ MP+9 Stlth+} for 472 gold pieces
 10307 | D:8      | Reached * piety under Trog
 10383 | D:9      | Found a snail-covered altar of Cheibriados.
 10976 | D:9      | Found an ancient bone altar of Kikubaaqudgha.
 11152 | D:10     | Entered Level 10 of the Dungeon
 11169 | D:10     | Noticed a cyclops
 11329 | D:10     | Killed a cyclops
 11505 | D:10     | You fall through a shaft!
 11561 | D:11     | Noticed Maurice
 11576 | D:11     | Killed Maurice
 11627 | D:11     | Reached skill level 10 in Long Blades
 11821 | D:11     | Reached ** piety under Trog
 12581 | D:12     | Reached *** piety under Trog
 12605 | D:12     | Found a staircase to the Orcish Mines.
 12724 | D:12     | Reached skill level 11 in Long Blades
 12727 | D:12     | Found Muubbila's Book Emporium.
 12811 | D:12     | Reached XP level 12. HP: 50/92 MP: 5/12
 13408 | D:12     | Reached **** piety under Trog
 13680 | D:12     | Reached skill level 10 in Shields
 13840 | D:12     | Noticed an orc warlord
 13898 | D:12     | Slain by an orc warlord

Vault maps used:
D:1:      dpeg_arrival_simpleton_c
D:3:      nicolae_overflow_hidden_temple, lemuel_doored_altar, first_bread
D:4:      nicolae_ru_sacrificial_ziggurat, makhleb_altar_promises_db,
          lemuel_crystal_altar
D:5:      uniq_grinder, uniq_duvessa
D:6:      kennysheep_little_box, lightli_temple_of_fire,
          minmay_temple_entry_fiery
D:7:      nicolae_overflow_crystal_walls, grunt_livestock
D:8:      kennysheep_mini, kennysheep_mini_moat, lair_0_dummy, serial_shops,
          nicolae_shop_stone, basic_altar, uniq_prince_ribbit1
D:9:      lemuel_mausoleum_altar_kikubaaqudgha, basic_altar,
          roderic_three_in_a_row
D:11:     uniq_maurice
D:12:     lemuel_castle_with_subvaults, erik_orc_3, serial_shops, shop
Temple:   corrupted_temple

Action                   |  1- 3 |  4- 6 |  7- 9 | 10-12 || total
-------------------------+-------+-------+-------+-------++-------
Melee: Long sword        |   141 |   147 |   323 |   560 ||  1171
       Scimitar          |       |       |       |   434 ||   434
 Fire: Hunting sling     |     4 |    50 |    21 |    63 ||   138
Invok: Burn Spellbooks   |       |       |       |     1 ||     1
 Abil: Dig               |       |     4 |       |    11 ||    15
  Use: Potion            |       |       |     2 |     1 ||     3
       Scroll            |       |       |       |    17 ||    17
  Eat: Chunk             |     1 |     7 |    10 |    28 ||    46
       Fruit             |       |       |       |     2 ||     2
